Map: Polka LE

Players

WillFire - Winner!

  • Race: Zerg Zerg
  • League: Platinum
  • Spawn Location: 5:00

anyone - Winner!

  • Race: Zerg Zerg
  • Spawn Location: 5:00

Massa

  • Race: Terran Terran
  • League: Platinum
  • Spawn Location: 11:00

qqq

  • Race: Zerg Zerg
  • Spawn Location: 11:00

VOD

Have the link to the VOD?

Description

Time

  • Played on: Oct. 19, 2020, 11:14 a.m.
  • Length: 10:43
Show
View Real Time Build Order
Export as new Build Order

WillFire Zerg - Winner!

Build Orders: Hatch First, Roach Hydra 

Get SALT Encoding   

  12  0:01  Drone  
  13  0:12  Overlord  
  13  0:19  Drone  
  14  0:23  Extractor  
  14  0:24  Drone  
  15  0:33  Drone  
  16  0:37  Drone  
  17  0:46  Drone  
  18  1:01  Drone  
  18  1:03  Hatchery  
  18  1:14  Spawning Pool  
  17  1:21  Drone  
  17  1:23  Drone  
  19  1:29  Extractor, Drone  
  19  1:42  Drone  
  20  1:53  Overlord  
  20  2:00  Drone  
  21  2:11  Queen  
  23  2:16  Drone x2  
  23  2:18  Evolution Chamber  
  23  2:19  Queen  
  23  2:20  Evolution Chamber  
  25  2:24  Drone  
  26  2:34  Roach Warren  
  26  2:36  Drone  
  26  2:40  Drone  
  26  2:42  Drone  
  28  2:46  Drone  
  28  2:48  Drone  
  30  2:59  Queen  
  30  3:02  Overlord  
  32  3:09  Zergling x2  
  33  3:13  Zerg Missile Weapons Level 1  
  33  3:23  Roach x2  
  33  3:25  Drone  
  33  3:26  Drone x4  
  42  3:35  Drone  
  42  3:36  Drone  
  42  3:37  Overlord  
  44  3:43  Extractor  
  43  4:04  Drone x2  
  43  4:05  Drone x6  
  43  4:07  Extractor  
  43  4:09  Extractor  
  49  4:11  Zerg Ground Armor Level 1  
  49  4:15  Lair  
  49  4:35  Hatchery, Roach x2  
  52  4:51  Overlord  
  52  4:52  Overlord x3  
  52  5:18  Roach x5  
  52  5:19  Roach x3  
  52  5:20  Glial Reconstitution  
  68  5:25  Hydralisk Den  
  67  5:29  Zerg Missile Weapons Level 2  
  67  5:40  Drone x2  
  67  5:41  Drone x2  
  71  5:46  Drone x2  
  71  5:47  Drone x2  
  75  5:54  Hydralisk x3  
  81  5:58  Muscular Augments  
  81  6:21  Hydralisk x4  
  88  6:37  Queen  
  90  6:40  Zerg Ground Armor Level 2  
  90  6:43  Overlord x4  
  90  6:44  Overlord  
  90  6:46  Spore Crawler  
  89  7:09  Hydralisk x5  
  89  7:10  Hydralisk x3  
  105  7:17  Infestation Pit  
  104  7:23  Hydralisk  
  104  7:28  Extractor  
  105  7:30  Extractor  
  105  7:31  Drone, Overlord  
  105  7:32  Drone x5  
  110  7:53  Hydralisk x2  
  110  7:54  Hydralisk, Infestor  
  118  8:11  Grooved Spines  
  118  8:13  Pathogen Glands  
  118  8:15  Overlord  
  118  8:16  Overlord x3  
  118  8:23  Drone x3  
  118  8:24  Drone x3  
  118  8:25  Overlord x2  
  124  8:46  Infestor x2  
  124  8:48  Roach  
  130  8:49  Roach x5  
  140  8:55  Hive  
  140  9:13  Roach x8  
  156  9:19  Hydralisk x2  
  160  9:29  Overseer  
  160  9:30  Pneumatized Carapace  
  160  9:32  Overseer  
  148  10:08  Hydralisk x7  
  148  10:09  Hydralisk x3  
Show
View Real Time Build Order
Export as new Build Order

anyone Zerg - Winner!

Build Orders: Hatch First 

Get SALT Encoding   

  12  0:00  Drone  
  13  0:08  Drone  
  14  0:16  Overlord  
  14  0:34  Drone  
  14  0:35  Drone x2  
  17  0:48  Drone  
  18  0:59  Drone  
  18  1:01  Hatchery  
  18  1:03  Extractor  
  17  1:16  Spawning Pool  
  16  1:27  Drone  
  16  1:28  Drone  
  18  1:33  Drone  
  19  1:51  Drone x2  
  21  2:06  Zergling x2  
  22  2:08  Metabolic Boost  
  22  2:12  Queen  
  22  2:13  Drone x2  
  26  2:17  Queen  
  28  2:29  Overlord  
  28  2:40  Extractor, Overlord  
  27  2:44  Drone  
  28  2:57  Drone x3  
  28  2:58  Drone x2  
  33  3:01  Extractor  
  33  3:02  Lair  
  32  3:08  Drone  
  32  3:10  Zergling x2  
  34  3:20  Drone x2  
  35  3:28  Zergling x8  
  35  3:29  Zergling x4  
  41  3:38  Drone  
  41  3:39  Drone  
  43  3:43  Drone  
  44  4:03  Spire  
  44  4:07  Drone  
  44  4:09  Extractor  
  43  4:14  Zergling x2  
  43  4:20  Overlord x3  
  43  4:34  Queen  
  43  4:35  Queen  
  43  4:37  Zergling x2  
  43  4:38  Zergling x8  
  48  4:50  Drone x5  
  53  5:04  Hatchery  
  52  5:14  Mutalisk x3  
  52  5:15  Mutalisk x2  
  62  5:25  Zerg Flyer Weapons Level 1  
  62  5:27  Overlord x2  
  62  5:28  Mutalisk  
  64  5:42  Mutalisk  
  64  5:43  Mutalisk  
  64  5:45  Drone x3  
  71  5:56  Drone x3  
  74  6:10  Drone  
  75  6:18  Drone  
  76  6:20  Zergling x12  
  76  6:21  Zergling x2  
  80  6:34  Queen  
  80  6:35  Drone x3  
  80  6:36  Drone  
  86  6:48  Drone  
  86  6:51  Evolution Chamber  
  86  6:54  Spine Crawler  
  85  6:58  Mutalisk x2  
  85  6:59  Overlord x2  
  85  7:00  Overlord x2  
  89  7:08  Overlord  
  89  7:24  Mutalisk  
  89  7:25  Mutalisk  
  93  7:35  Infestation Pit  
  92  7:39  Zerg Ground Armor Level 1  
  92  7:57  Drone x3  
  95  8:00  Extractor  
  95  8:01  Zerg Flyer Weapons Level 2  
  94  8:17  Evolution Chamber  
  93  8:22  Hive  
  91  8:43  Zergling x10  
  91  8:44  Zergling x2  
  87  8:54  Corruptor x3  
  87  8:55  Corruptor x9  
  109  9:01  Zergling x2  
  109  9:02  Zergling x12  
  118  9:14  Zergling x8  
  118  9:15  Zergling x8  
  126  9:22  Zergling x4  
  128  9:30  Drone  
  129  9:33  Extractor  
  107  10:34  Infestation Pit  
  107  10:36  Ultralisk Cavern  
Show
View Real Time Build Order
Export as new Build Order

Massa Terran 

Build Orders:  

Get SALT Encoding   

  12  0:00  SCV  
  13  0:12  SCV  
  14  0:24  Supply Depot  
  14  0:25  SCV  
  15  0:43  Refinery  
  15  0:45  SCV  
  15  0:47  Barracks  
  16  0:58  SCV  
  17  1:08  Refinery  
  17  1:10  SCV  
  18  1:22  SCV  
  19  1:34  SCV  
  19  1:37  Reaper  
  21  1:46  Command Center  
  21  1:52  SCV  
  22  2:05  SCV  
  22  2:06  Factory  
  23  2:22  Supply Depot  
  23  2:24  Barracks Reactor  
  23  2:30  Orbital Command  
  23  2:57  SCV  
  24  3:00  Starport  
  24  3:04  Marine x2  
  26  3:09  SCV  
  27  3:16  Factory Reactor  
  27  3:22  Orbital Command, Marine x2  
  27  3:23  SCV  
  30  3:35  SCV  
  30  3:39  Barracks  
  31  3:47  SCV  
  32  3:50  SCV  
  32  3:54  Marine x2  
  32  3:55  Hellion x2  
  38  3:59  SCV  
  38  4:02  SCV  
  40  4:11  SCV  
  40  4:12  Marine x2  
  40  4:14  SCV  
  40  4:16  Medivac  
  46  4:30  Supply Depot x2  
  46  4:32  Supply Depot x2  
  46  4:35  Engineering Bay  
  46  4:40  Barracks Tech Lab  
  46  4:49  Supply Depot  
  46  4:52  Liberator, Hellion x2, Marine x2, SCV x2  
  57  5:01  Stimpack  
  57  5:03  Marauder  
  57  5:04  SCV x2  
  61  5:09  Marine x2  
  61  5:14  Hellion  
  65  5:15  Widow Mine  
  67  5:24  Marauder  
  69  5:31  Marine  
  69  5:32  Marine  
  69  5:35  Widow Mine, Medivac  
  75  5:37  Hellion  
  77  5:49  Marine x2  
  78  5:50  Command Center  
  78  5:54  Missile Turret  
  78  5:56  Hellion  
  81  5:58  Hellion  
  81  6:02  Missile Turret  
  73  6:16  Missile Turret  
  73  6:18  Hellion  
  72  6:22  Missile Turret  
  72  6:28  Medivac  
  72  6:30  Marauder  
  72  6:31  Marine x2  
  78  6:34  Widow Mine  
  78  6:39  Widow Mine  
  82  6:41  Combat Shield  
  82  6:42  SCV  
  82  6:43  SCV  
  84  6:48  Refinery, Marine  
  84  6:49  Refinery, Marine  
  86  6:56  Supply Depot  
  86  7:02  Widow Mine x2, SCV x2, Marauder  
  86  7:06  Marine  
  95  7:14  SCV x2  
  97  7:19  Supply Depot  
  97  7:21  Marine  
  98  7:24  Widow Mine x2, Marine  
  103  7:30  Marauder  
  103  7:35  SCV  
  103  7:36  SCV  
  107  7:39  Marine  
  107  7:42  Marine  
  109  7:45  Widow Mine x2  
  109  7:48  SCV x2  
  109  7:50  Missile Turret  
  115  7:52  Marauder, Missile Turret x2  
  115  7:53  Missile Turret  
  117  8:04  SCV x2  
  117  8:31  Factory Tech Lab, Marauder, Marine  
  117  8:32  Barracks  
  112  8:55  Siege Tank  
  115  8:57  Marauder  
  117  9:08  Supply Depot  
  117  9:10  Supply Depot  
  117  9:12  Supply Depot  
  117  9:13  Armory  
  117  9:18  Orbital Command  
  117  9:29  SCV x2, Marine x2, Siege Tank  
  124  9:32  Marauder, Supply Depot  
  124  9:33  Supply Depot  
  124  9:37  Supply Depot  
  90  9:47  Marine x2  
  90  9:48  Marine x2  
  71  9:53  Starport Tech Lab, Marauder  
  71  9:55  Supply Depot  
  71  9:58  Supply Depot  
  73  10:01  Siege Tank  
  73  10:02  Missile Turret  
  73  10:04  Marine x2  
  73  10:06  Marine x2  
  73  10:14  Marauder  
  72  10:22  Marine, Missile Turret  
  72  10:24  Marine x2, Missile Turret  
Show
View Real Time Build Order
Export as new Build Order

qqq Zerg 

Build Orders: Hatch First 

Get SALT Encoding   

  12  0:00  Drone  
  13  0:08  Drone  
  14  0:36  Hatchery  
  13  0:52  Spawning Pool  
  13  0:54  Drone  
  13  1:02  Overlord  
  13  1:06  Drone  
  14  1:21  Extractor, Drone  
  14  1:22  Drone  
  15  1:36  Drone  
  16  1:41  Drone  
  17  1:49  Drone  
  17  1:50  Drone  
  19  2:08  Drone  
  20  2:09  Queen  
  20  2:11  Queen  
  20  2:13  Overlord  
  25  2:15  Drone  
  25  2:35  Drone, Zergling x2  
  27  2:37  Metabolic Boost  
  27  2:39  Drone x3  
  30  2:44  Zergling x2  
  31  2:53  Drone  
  32  2:58  Zergling x2  
  32  3:01  Overlord  
  33  3:18  Zergling x4  
  33  3:19  Drone  
  36  3:23  Lair, Baneling Nest  
  35  3:35  Overlord  
  35  3:37  Zergling x4  
  35  3:38  Zergling x2  
  35  3:39  Drone x3  
  35  3:40  Drone  
  42  3:56  Zergling x4  
  42  3:58  Hatchery  
  42  4:00  Overlord  
  43  4:05  Drone x2  
  43  4:06  Drone  
  46  4:10  Baneling x3  
  45  4:28  Zergling x6  
  45  4:29  Drone x3  
  49  4:42  Zergling x2  
  49  4:44  Overlord  
  50  4:46  Baneling x4  
  50  4:52  Extractor  
  49  4:53  Extractor, Spore Crawler  
  49  4:55  Spore Crawler  
  46  5:06  Drone x2  
  48  5:08  Drone  
  48  5:09  Drone  
  48  5:13  Extractor  
  49  5:21  Drone x2  
  49  5:23  Queen  
  53  5:34  Spire  
  52  5:38  Drone x3  
  52  5:40  Drone x4  
  52  5:41  Drone  
  60  5:47  Zergling x6  
  60  5:48  Drone  
  60  5:49  Drone, Hatchery  
  63  5:59  Drone x3  
  63  6:00  Drone  
  63  6:01  Zergling x2  
  68  6:07  Spore Crawler  
  68  6:09  Spore Crawler  
  66  6:11  Spore Crawler  
  66  6:15  Spore Crawler  
  63  6:20  Drone, Hydralisk Den  
  63  6:21  Drone  
  63  6:22  Drone  
  63  6:23  Spore Crawler  
  55  6:44  Drone  
  54  6:47  Mutalisk x5  
  54  6:48  Mutalisk  
  54  6:53  Hydralisk, Muscular Augments  
  66  6:55  Hydralisk  
  66  6:58  Hydralisk  
  70  7:08  Hydralisk  
  70  7:12  Zerg Flyer Weapons Level 1  
  72  7:16  Drone x2  
  72  7:17  Drone x2  
  72  7:18  Drone x3  
  79  7:31  Overlord x2  
  79  7:32  Overlord x3  
  79  7:41  Spore Crawler  
  79  7:44  Drone x2, Spine Crawler  
  79  7:49  Queen  
  81  7:54  Evolution Chamber  
  81  7:55  Mutalisk x3, Evolution Chamber  
  81  7:57  Drone  
  86  7:59  Drone  
  86  8:00  Drone  
  88  8:15  Mutalisk, Lurker Den  
  88  8:16  Mutalisk  
  88  8:17  Hydralisk  
  88  8:19  Hydralisk  
  95  8:21  Drone  
  95  8:22  Drone x5  
  101  8:37  Zergling x4  
  101  8:38  Drone, Zergling x6  
  101  8:39  Drone  
  101  8:50  Hydralisk x3  
  101  8:51  Hydralisk x2  
  101  8:53  Drone x3  
  114  9:10  Grooved Spines  
  114  9:14  Lurker  
  114  9:15  Drone x2  
  114  9:16  Drone x2  
  119  9:21  Drone  
  120  9:29  Overlord x6  
  120  9:30  Overlord x2  
  102  9:57  Hydralisk x4  
  102  9:58  Hydralisk x3  
  87  10:08  Drone x7  
  87  10:13  Hydralisk  
  87  10:14  Hydralisk x5  
  84  10:16  Drone  
  84  10:19  Hydralisk x2  
  88  10:28  Lurker  
  88  10:33  Lurker  
  90  10:38  Hatchery  
Tags
 
Add a new tag
Caveats
  • Supply blocks, unpowered buildings, or Contaminate may cause inaccurate times.
  • Supply counts are checked every 10 seconds.